Map: Blackpink LE

Players

Probe

  • Race: Protoss Protoss
  • Spawn Location: 7:00

Krr - Winner!

  • Race: Protoss Protoss
  • Spawn Location: 1:00

Event: IEM Season 12 - Katowice

VOD

Have the link to the VOD?

Description

Time

  • Played on: Feb. 26, 2018, 4:11 a.m.
  • Length: 8:51

All games in this series

Show
View Real Time Build Order
Export as new Build Order

Probe Protoss 

Build Orders: Oracle Opening, Phoenix Opening, Zealot Archon 

Get SALT Encoding   

  12  0:00  Probe  
  13  0:12  Probe  
  14  0:17  Pylon  
  14  0:24  Probe  
  15  0:35  Gateway  
  15  0:37  Probe (Chrono Boost)  
  16  0:46  Probe (Chrono Boost), Assimilator  
  17  0:51  Probe (Chrono Boost)  
  17  0:55  Assimilator  
  18  1:03  Probe (Chrono Boost)  
  19  1:07  Gateway  
  20  1:12  Probe (Chrono Boost)  
  20  1:17  Probe  
  20  1:23  Cybernetics Core  
  21  1:29  Probe  
  22  1:33  Pylon  
  22  1:41  Probe  
  23  1:53  Probe  
  24  2:00  Warp Gate, Sentry, Stalker  
  28  2:04  Pylon  
  28  2:21  Pylon  
  28  2:28  Stargate  
  28  2:36  Stalker  
  30  2:54  Nexus  
  30  3:02  Oracle (Chrono Boost), Stalker  
  32  3:10  Phoenix (Chrono Boost)  
  34  3:18  Shield Battery  
  34  3:21  Probe  
  35  3:30  Phoenix (Chrono Boost)  
  37  3:38  Shield Battery  
  37  3:47  Pylon  
  37  3:53  Phoenix (Chrono Boost)  
  39  4:05  Probe (Chrono Boost)  
  41  4:11  Probe (Chrono Boost)  
  41  4:13  Phoenix  
  44  4:17  Probe (Chrono Boost)  
  44  4:22  Probe (Chrono Boost)  
  44  4:23  Probe (Chrono Boost)  
  45  4:29  Robotics Facility  
  46  4:32  Probe  
  46  4:35  Probe (Chrono Boost)  
  48  4:44  Probe (Chrono Boost)  
  48  4:45  Forge  
  49  4:52  Probe (Chrono Boost)  
  50  4:54  Probe (Chrono Boost)  
  50  4:59  Probe x2 (Chrono Boost)  
  52  5:01  Assimilator x2  
  52  5:02  Sentry  
  52  5:07  Pylon  
  55  5:10  Probe  
  55  5:11  Probe  
  57  5:19  Observer  
  58  5:22  Probe  
  58  5:23  Probe, Oracle  
  58  5:26  Protoss Ground Weapons Level 1 (Chrono Boost)  
  60  5:32  Twilight Council  
  60  5:35  Probe x2 (Chrono Boost)  
  62  5:38  Pylon  
  62  5:39  Pylon  
  62  5:44  Probe (Chrono Boost)  
  62  5:45  Probe (Chrono Boost)  
  68  5:50  Probe, Immortal  
  69  5:58  Probe  
  70  6:05  Gateway  
  70  6:06  Gateway  
  70  6:07  Charge  
  70  6:17  Gateway  
  70  6:18  Gateway  
  70  6:27  Gateway  
  70  6:32  Templar Archives  
  70  6:36  Immortal  
  74  6:48  Nexus  
  74  6:57  Pylon  
  74  7:01  Zealot x2  
  78  7:15  Warp Prism  
  80  7:16  Pylon  
  80  7:18  High Templar x2  
  80  7:20  Zealot  
  86  7:28  Archon  
  86  7:36  High Templar x2  
  86  7:37  Zealot x2  
  92  7:41  Archon  
  94  7:51  Zealot x3  
  100  7:52  Shield Battery x2  
  100  7:54  Pylon  
  100  8:03  Zealot x2  
  104  8:09  High Templar x2  
  104  8:11  Probe x3  
  104  8:12  Shield Battery  
  111  8:13  Archon  
  111  8:16  Zealot x2  
  98  8:27  Zealot x3  
  86  8:37  Zealot x2  
Show
View Real Time Build Order
Export as new Build Order

Krr Protoss - Winner!

Build Orders: Zealot Archon 

Get SALT Encoding   

  12  0:00  Probe  
  13  0:13  Probe  
  14  0:17  Pylon  
  14  0:25  Probe (Chrono Boost)  
  15  0:37  Probe (Chrono Boost)  
  15  0:40  Gateway  
  16  0:43  Probe (Chrono Boost)  
  16  0:47  Assimilator  
  17  0:51  Probe (Chrono Boost)  
  17  0:54  Assimilator  
  18  1:03  Probe (Chrono Boost)  
  20  1:11  Probe (Chrono Boost)  
  20  1:14  Gateway  
  20  1:17  Probe  
  21  1:27  Cybernetics Core  
  21  1:29  Probe  
  22  1:33  Pylon  
  22  1:42  Probe  
  23  1:54  Probe  
  24  2:03  Sentry, Stalker  
  24  2:04  Warp Gate  
  24  2:06  Probe  
  29  2:12  Pylon  
  29  2:22  Pylon  
  29  2:29  Stalker  
  31  2:33  Stalker  
  33  2:42  Probe  
  34  2:55  Nexus  
  34  2:57  Probe  
  35  3:09  Shield Battery  
  35  3:11  Shield Battery  
  35  3:16  Probe  
  36  3:26  Robotics Facility  
  36  3:29  Probe  
  37  3:35  Pylon  
  37  3:41  Probe (Chrono Boost)  
  37  3:50  Probe (Chrono Boost)  
  38  3:55  Probe (Chrono Boost), Forge  
  39  4:07  Probe (Chrono Boost)  
  41  4:10  Stalker  
  41  4:12  Stalker  
  41  4:13  Probe (Chrono Boost)  
  41  4:15  Observer  
  46  4:17  Probe (Chrono Boost)  
  46  4:20  Probe (Chrono Boost)  
  48  4:25  Probe  
  49  4:32  Probe (Chrono Boost)  
  49  4:36  Observer  
  49  4:37  Probe (Chrono Boost)  
  52  4:39  Stalker x2  
  52  4:44  Probe (Chrono Boost)  
  57  4:46  Pylon  
  57  4:48  Assimilator  
  57  4:49  Probe (Chrono Boost)  
  57  4:50  Assimilator  
  58  4:52  Probe (Chrono Boost)  
  58  4:54  Probe (Chrono Boost)  
  58  4:58  Protoss Ground Weapons Level 1 (Chrono Boost)  
  59  5:06  Probe x2  
  61  5:09  Immortal  
  65  5:16  Pylon  
  65  5:18  Probe x2  
  66  5:30  Probe  
  66  5:33  Twilight Council  
  67  5:37  Gateway  
  67  5:38  Gateway  
  67  5:41  Gateway  
  67  5:45  Gateway  
  67  5:48  Gateway  
  66  5:59  Immortal  
  66  6:04  Gateway  
  70  6:10  Charge, Templar Archives  
  70  6:13  Observer  
  70  6:14  Probe  
  70  6:16  Probe  
  72  6:28  Nexus  
  72  6:31  Pylon  
  71  6:40  Protoss Ground Weapons Level 2 (Chrono Boost), Probe x2  
  71  6:42  Warp Prism  
  73  6:55  High Templar x3  
  73  6:56  High Templar  
  82  7:01  Probe x2  
  82  7:04  Pylon  
  82  7:05  Pylon  
  83  7:15  Pylon x2  
  83  7:17  Archon x2, High Templar  
  83  7:22  High Templar  
  87  7:23  Zealot x2  
  87  7:29  Archon  
  89  7:33  Probe x2  
  85  7:37  Zealot x4  
  85  7:42  Probe  
  94  7:45  Probe  
  94  7:52  Zealot x2, High Templar  
  94  7:55  High Templar  
  102  7:59  Archon  
  102  8:01  Zealot x2  
  102  8:04  Zealot  
  108  8:06  Zealot  
  110  8:22  Zealot  
  110  8:23  Zealot x2  
  110  8:26  High Templar x2  
  112  8:30  Zealot  
  112  8:31  Archon  

Tags
 
Add a new tag
Caveats
  • Supply blocks, unpowered buildings, or Contaminate may cause inaccurate times.
  • Supply counts are checked every 10 seconds.